Map: Invader LE

Players

viOlet

  • Race: Zerg Zerg

Iaguz - Winner!

  • Race: Terran Terran

Event: DreamHack Open Tours WCS Spring Championship

VOD

https://www.youtube.com/watch?v=bkOd-li4asg

Description

Time

  • Played on: May 15, 2016, 9:49 a.m.
  • Length: 16:12

All games in this series

Show
View Real Time Build Order
Export as new Build Order

viOlet Zerg 

Build Orders: Hatch First 

Get SALT Encoding   

  12  0:00  Drone  
  13  0:13  Overlord  
  13  0:17  Drone  
  14  0:31  Drone x2  
  16  0:37  Drone  
  17  0:52  Hatchery  
  17  0:55  Drone  
  17  0:57  Drone  
  18  1:11  Spawning Pool  
  18  1:12  Extractor  
  18  1:15  Drone  
  17  1:19  Drone  
  18  1:28  Drone  
  19  1:41  Overlord  
  19  1:55  Drone  
  19  1:58  Queen  
  22  2:03  Queen  
  22  2:05  Drone  
  22  2:06  Drone  
  26  2:14  Metabolic Boost  
  26  2:17  Drone  
  26  2:19  Drone  
  28  2:26  Drone  
  28  2:28  Overlord  
  29  2:33  Queen  
  31  2:38  Drone x2  
  33  2:48  Drone  
  33  2:49  Drone  
  33  2:50  Queen  
  37  2:54  Overlord  
  37  2:59  Drone  
  38  3:06  Drone  
  38  3:07  Drone  
  38  3:08  Drone x2  
  38  3:09  Drone  
  38  3:12  Zergling x6  
  46  3:19  Zergling x2  
  47  3:32  Drone x2  
  47  3:33  Hatchery  
  48  3:35  Lair  
  48  3:37  Drone  
  49  3:41  Overlord  
  49  3:43  Drone x3  
  49  3:45  Evolution Chamber  
  49  3:46  Drone  
  52  3:53  Overlord  
  52  3:55  Extractor  
  52  3:57  Extractor  
  52  3:58  Zergling x4  
  52  4:00  Drone  
  52  4:01  Drone  
  54  4:09  Spore Crawler, Roach Warren, Drone  
  53  4:15  Drone x2  
  55  4:21  Overlord, Drone  
  55  4:22  Drone x2  
  58  4:30  Zerg Ground Armor Level 1  
  57  4:36  Drone  
  57  4:37  Drone x3  
  57  4:41  Drone  
  57  4:46  Drone x2  
  57  4:47  Drone x2  
  57  4:48  Glial Reconstitution  
  61  4:57  Drone x4  
  61  4:58  Drone  
  65  5:07  Drone x2  
  65  5:09  Drone x2  
  65  5:13  Spore Crawler  
  67  5:17  Overlord, Drone x3  
  70  5:22  Drone  
  70  5:23  Drone  
  70  5:25  Roach  
  70  5:26  Extractor  
  73  5:31  Overlord x2  
  73  5:37  Roach x3  
  73  5:41  Drone  
  82  5:42  Roach  
  82  5:46  Overlord  
  82  5:49  Burrow  
  82  5:50  Roach  
  82  5:51  Roach x3  
  82  5:54  Roach x2  
  94  6:01  Roach x2  
  94  6:04  Overlord x2  
  98  6:06  Roach  
  98  6:08  Roach x2  
  104  6:14  Roach  
  104  6:15  Tunneling Claws  
  106  6:21  Overlord x2  
  106  6:22  Evolution Chamber  
  106  6:23  Drone  
  106  6:24  Roach  
  108  6:26  Zerg Ground Armor Level 2  
  108  6:28  Drone  
  108  6:29  Drone, Extractor  
  108  6:30  Drone  
  108  6:31  Drone  
  111  6:40  Drone  
  111  6:41  Roach x3  
  111  6:42  Spore Crawler  
  111  6:46  Overlord  
  117  6:49  Roach x3  
  123  6:57  Zerg Missile Weapons Level 1  
  122  7:02  Overlord x2  
  122  7:03  Overlord  
  122  7:05  Roach x4  
  129  7:11  Roach  
  129  7:12  Overlord x3  
  130  7:24  Drone x5  
  130  7:25  Hatchery  
  134  7:34  Roach x3  
  140  7:43  Roach x4  
  147  7:46  Infestation Pit  
  147  7:48  Roach x14  
  147  7:49  Roach  
  147  7:50  Roach x3  
  152  7:52  Roach x3  
  152  7:57  Roach x3  
  158  7:58  Roach  
  158  7:59  Roach  
  162  8:05  Extractor  
  162  8:08  Spore Crawler  
  162  8:12  Roach x5  
  158  8:14  Roach  
  158  8:15  Roach x4  
  158  8:17  Roach  
  158  8:18  Roach x2  
  156  8:23  Roach x2  
  156  8:24  Pathogen Glands, Roach  
  156  8:26  Overlord x3, Zergling x4  
  162  8:27  Roach  
  162  8:28  Roach  
  162  8:29  Roach  
  168  8:38  Roach x5  
  178  8:46  Roach x5  
  163  8:48  Roach  
  163  8:49  Roach  
  163  8:52  Drone  
  163  8:53  Zerg Missile Weapons Level 2, Roach  
  168  9:01  Drone x3  
  171  9:03  Hatchery  
  171  9:06  Zergling x10  
  171  9:07  Hatchery  
  174  9:18  Roach x3  
  174  9:19  Roach  
  174  9:23  Infestor x4  
  188  9:25  Roach x2  
  188  9:31  Hive  
  188  9:41  Zergling x2  
  188  9:42  Zergling x14  
  184  9:58  Roach x4  
  178  10:00  Roach x2  
  178  10:08  Roach x4  
  178  10:09  Roach x29  
  192  10:23  Roach x4  
  192  10:29  Roach  
  188  10:36  Ravager  
  188  10:37  Ravager x7  
  188  10:38  Zergling x2  
  188  10:39  Zergling x10  
  200  10:49  Ultralisk Cavern  
  174  11:05  Roach x24  
  174  11:08  Roach x24  
  174  11:11  Zerg Melee Weapons Level 1, Zerg Ground Armor Level 3  
  163  11:19  Extractor  
  163  11:22  Roach  
  162  11:36  Chitinous Plating  
  162  11:38  Ultralisk x3  
  174  11:47  Queen, Ultralisk  
  176  11:50  Spore Crawler  
  176  11:52  Drone x6  
  176  11:53  Spine Crawler, Drone x2  
  176  11:54  Spine Crawler  
  173  11:55  Extractor  
  173  11:59  Zergling x4, Ultralisk  
  173  12:00  Zergling x28  
  178  12:02  Roach x2  
  178  12:03  Roach x3  
  178  12:10  Zergling x2  
  178  12:11  Zergling x20  
  189  12:21  Ravager x4  
  189  12:22  Ravager x2  
  154  12:53  Ultralisk x2  
  154  12:54  Zergling x26  
  166  12:58  Drone x5  
  166  12:59  Drone x3  
  166  13:02  Zergling x2  
  174  13:17  Drone x2  
  174  13:18  Drone x6  
  177  13:23  Adrenal Glands  
  166  13:32  Drone x2, Ultralisk Cavern  
  166  13:33  Drone x5  
  169  13:43  Drone x4  
  169  13:46  Zergling x8  
  169  13:53  Drone  
  169  13:54  Drone x6  
  171  13:57  Spore Crawler  
  171  13:58  Infestor  
  171  13:59  Infestor  
  174  14:12  Queen  
  172  14:28  Drone  
  172  14:29  Drone x5  
  172  14:30  Spire  
  177  14:33  Drone x3  
  177  14:34  Queen, Drone  
  177  14:36  Extractor x2  
  181  14:41  Zergling x20  
  187  14:53  Spore Crawler  
  176  15:08  Drone x9  
  181  15:22  Roach  
  152  15:46  Overseer x2  
  147  15:50  Zergling x16  
  152  15:59  Drone x2  
Show
View Real Time Build Order
Export as new Build Order

Iaguz Terran - Winner!

Build Orders: Liberator Opening, MMM Bio 

Get SALT Encoding   

  12  0:00  SCV  
  13  0:13  SCV  
  14  0:17  Supply Depot  
  14  0:25  SCV  
  15  0:38  SCV  
  15  0:39  Barracks  
  16  0:44  Refinery  
  16  0:51  SCV  
  17  1:03  SCV  
  18  1:15  SCV  
  19  1:26  Marine  
  19  1:27  Orbital Command  
  20  1:39  Command Center  
  20  1:50  Factory  
  20  1:53  SCV  
  21  2:04  Barracks Reactor  
  21  2:06  Supply Depot  
  21  2:07  SCV  
  22  2:19  SCV  
  23  2:29  Bunker  
  23  2:31  SCV  
  24  2:41  Refinery  
  24  2:42  Starport  
  24  2:44  SCV  
  24  2:47  Hellion x2, Marine  
  30  2:55  Orbital Command  
  30  2:57  SCV  
  31  3:03  Liberator  
  31  3:05  Marine  
  36  3:12  Hellion  
  36  3:13  Hellion  
  36  3:14  SCV  
  37  3:22  SCV  
  37  3:26  SCV  
  42  3:31  Supply Depot  
  42  3:33  Barracks Tech Lab  
  42  3:38  SCV  
  43  3:44  SCV  
  44  3:50  SCV  
  44  3:52  Marine, Factory Tech Lab  
  46  3:58  SCV  
  46  4:02  SCV  
  48  4:08  Command Center  
  48  4:10  SCV, Marine  
  48  4:11  Supply Depot  
  48  4:14  Siege Tank  
  53  4:18  Starport Reactor  
  53  4:19  SCV  
  54  4:32  SCV x2  
  54  4:35  Marine  
  53  4:44  SCV x2  
  51  4:50  Stimpack  
  51  4:52  Barracks x2  
  51  4:53  Refinery, Marine  
  51  4:54  Refinery  
  51  4:56  SCV x2  
  51  4:59  Supply Depot, Factory Reactor  
  54  5:09  SCV x2  
  53  5:14  Engineering Bay  
  53  5:15  Engineering Bay  
  53  5:16  Starport Reactor  
  53  5:17  Marine  
  53  5:21  SCV x2  
  56  5:22  Orbital Command  
  56  5:30  Barracks  
  56  5:33  SCV x2, Barracks  
  58  5:37  Marine  
  59  5:43  Marine  
  59  5:44  Marine  
  59  5:45  SCV x2, Terran Infantry Weapons Level 1  
  59  5:46  Terran Infantry Armor Level 1  
  59  5:48  Factory Reactor, Marine  
  64  5:51  Supply Depot  
  64  5:52  Marine  
  64  5:54  Marine  
  64  5:55  Medivac  
  68  5:57  Medivac  
  68  6:01  Marine x2  
  68  6:02  SCV  
  68  6:03  SCV  
  74  6:05  Orbital Command  
  74  6:06  Supply Depot  
  74  6:11  Marine x2  
  75  6:14  SCV  
  75  6:15  SCV  
  75  6:17  Supply Depot  
  78  6:26  SCV  
  78  6:27  SCV  
  78  6:28  Marine x3, Widow Mine x2, Missile Turret  
  78  6:29  Medivac  
  89  6:33  SCV  
  89  6:38  SCV  
  89  6:39  SCV  
  92  6:40  Marine x4  
  92  6:43  Armory  
  96  6:47  SCV  
  96  6:50  SCV, Marauder, Marine x3  
  102  6:55  Barracks  
  102  6:58  Barracks  
  102  7:02  Barracks  
  102  7:04  Missile Turret  
  102  7:08  Widow Mine x2  
  102  7:09  Marine  
  102  7:13  Supply Depot  
  102  7:14  Supply Depot  
  102  7:15  Supply Depot x2  
  107  7:17  SCV  
  107  7:18  Marine  
  109  7:27  Combat Shields, Concussive Shells  
  109  7:34  Marine x3  
  109  7:35  Marauder x2  
  109  7:36  Supply Depot  
  116  7:40  Supply Depot  
  116  7:44  Barracks Reactor  
  116  7:51  Marine  
  119  7:53  Barracks Tech Lab, Barracks Reactor  
  119  7:54  Barracks Reactor  
  119  7:56  Marauder x2  
  119  7:57  Terran Infantry Weapons Level 2, Terran Infantry Armor Level 2  
  121  8:01  Marine x3, Widow Mine  
  121  8:02  Widow Mine  
  128  8:08  Marine  
  124  8:17  Marauder x2  
  124  8:19  Marine  
  121  8:23  Marine x2  
  121  8:24  Marauder  
  121  8:27  Missile Turret  
  121  8:29  Marine  
  121  8:30  Marine x2  
  124  8:37  Marine  
  124  8:38  Marine  
  124  8:39  Marauder x2  
  124  8:41  Marine x2  
  122  8:45  Marauder  
  122  8:48  SCV x3  
  114  8:57  Missile Turret  
  114  8:59  Missile Turret  
  114  9:00  SCV x3, Marine x3  
  114  9:01  Marauder  
  114  9:02  Medivac x2, Widow Mine  
  128  9:06  Missile Turret  
  128  9:08  Missile Turret  
  126  9:10  Marine x2  
  126  9:11  Marauder  
  122  9:27  SCV x3  
  122  9:30  Missile Turret  
  122  9:31  Widow Mine  
  124  9:37  Orbital Command  
  124  9:38  Medivac x2, Widow Mine  
  130  9:39  SCV x3  
  130  9:45  Marauder, Marine x4  
  139  9:46  Marine  
  142  9:55  Marauder x2, Marine x2  
  144  10:01  Marine x2  
  144  10:04  Marine x3  
  144  10:06  Marine x2  
  153  10:07  Marauder  
  153  10:11  Medivac  
  155  10:14  SCV x3  
  155  10:17  Marauder  
  160  10:27  Marauder, Marine x2  
  164  10:36  Supply Depot  
  164  10:38  Supply Depot, Missile Turret  
  164  10:40  Supply Depot  
  164  10:41  Marine  
  165  10:43  Marine  
  165  10:52  Supply Depot  
  165  10:57  Marine  
  165  10:58  Marauder x3  
  165  11:03  Marine  
  166  11:11  Marine x2  
  153  11:16  Terran Infantry Weapons Level 3  
  153  11:17  Marine x4  
  153  11:18  Marine x3  
  161  11:20  Marauder  
  164  11:32  Marine  
  164  11:33  Marauder, Marine x2, Widow Mine  
  164  11:34  Medivac, Widow Mine  
  175  11:45  Marauder, Marine  
  175  11:46  Marine x2  
  180  11:47  Marauder  
  177  12:00  Marauder, Marine x3  
  182  12:03  Marine x3  
  182  12:04  Medivac, Marine x2, Widow Mine x2  
  182  12:07  Marauder  
  197  12:08  Marauder  
  197  12:19  Supply Depot  
  197  12:20  Supply Depot  
  197  12:25  Marauder  
  197  12:27  Marine  
  197  12:40  Marine  
  197  12:41  Medivac  
  197  12:44  Liberator  
  200  12:46  Marine  
  200  12:48  Marauder x2  
  179  12:53  Liberator  
  164  13:01  Widow Mine x2  
  164  13:02  Marauder, Marine x4  
  174  13:08  Marine x2  
  174  13:09  Marauder x2  
  175  13:18  Marine  
  174  13:20  Marine x2  
  174  13:23  Marauder, Marine  
  174  13:26  Liberator  
  164  13:31  Marauder x2  
  164  13:32  Marine  
  164  13:33  Marine x4  
  172  13:36  Liberator  
  170  13:45  Marauder  
  170  13:46  Widow Mine  
  176  13:52  Marauder  
  176  13:58  Marauder, Marine x3  
  176  13:59  Marine x3  
  184  14:17  Marine  
  184  14:18  Marauder x2, Marine  
  184  14:20  Marauder, Marine x2  
  194  14:26  Marine x2  
  194  14:39  Marauder  
  194  14:41  Liberator x2  
  200  15:04  Command Center  
  196  15:11  Marauder, Marine  
  183  15:30  Marauder, Marine  
  183  15:33  Marauder  

Tags
 
Add a new tag
Caveats
  • Supply blocks, unpowered buildings, or Contaminate may cause inaccurate times.
  • Supply counts are checked every 10 seconds.